 Dungeon Crawl Stone Soup version 0.22-a0-456-g11ed031 (webtiles) character file.

482 xccam the Ruffian (level 6, 0/50 HPs)
             Began as a Demigod Transmuter on June 7, 2018.
             Slain by an orc
             ... wielding a +0 flail
              (7 damage)
             ... on level 4 of the Dungeon.
             The game lasted 00:05:55 (3316 turns).

xccam the Ruffian (Demigod Transmuter)              Turns: 3316, Time: 00:05:56

Health: 0/50       AC:  3    Str: 17    XL:     6   Next: 56%
Magic:  11/11      EV: 16    Int: 17    God:
Gold:   139        SH:  0    Dex: 16    Spells: 5/8 levels left

rFire    . . .     SeeInvis .     - Unarmed
rCold    . . .     Gourm    .   (no shield)
rNeg     . . .     Faith    .   f - +0 leather armour
rPois    .         Spirit   .   (no helmet)
rElec    .         Reflect  .   (no cloak)
rCorr    .         Harm     .   (no gloves)
MR       .....                  (boots currently unavailable)
Stlth    +.........             (no amulet)
HPRegen  0.16/turn              o - +4 ring of evasion
MPRegen  0.12/turn              (no ring)

@: appendage (expiring)
A: talons 3, high mp 1
a: End Transformation


You were on level 4 of the Dungeon.
You were hungry.
You had grown temporary talons.
You visited 1 branch of the dungeon, and saw 4 of its levels.

You collected 139 gold pieces.

Inventory:

Missiles
 a - 30 arrows
Armour
 b - a +0 ring mail
 f - a +0 leather armour (worn)
Jewellery
 o - a +4 ring of evasion (left hand)
 t - an uncursed amulet of the gourmand {unknown}
Scrolls
 e - 2 scrolls of fear {unknown}
 j - 2 scrolls of remove curse {unknown}
 l - 2 scrolls of identify {unknown}
 r - a scroll of immolation {unknown}
Potions
 c - a potion of curing {unknown}
 g - a potion of heal wounds
 h - 2 potions of lignification
 i - a potion of resistance {unknown}
 k - 2 potions of mutation {unknown}
 m - a potion of degeneration {unknown}
 n - 2 potions of invisibility {unknown}
 p - a potion of cancellation {unknown}
 q - a potion of might {unknown}
Comestibles
 d - 9 rations
 s - 2 chunks of flesh


   Skills:
 + Level 2.6 Fighting
 - Level 1.7 Dodging
 + Level 6.6 Unarmed Combat
 - Level 1.7 Spellcasting
 - Level 1.7 Transmutations


You had 5 spell levels left.
You knew the following spells:

 Your Spells              Type           Power        Failure   Level  Hunger
a - Beastly Appendage     Tmut           #.....       12%         1    #......
b - Sticks to Snakes      Tmut           #.......     19%         2    ###....

Your spell library contained the following spells:

 Spells                   Type           Power        Failure   Level  Hunger
 Spider Form              Tmut/Pois      #.........   45%         3    ###....
 Blade Hands              Tmut           #.........   97%         5    ######.
 Ice Form                 Ice/Tmut       #.......     86%         4    #####..


Dungeon Overview and Level Annotations

Branches:
Dungeon (4/15)
 Temple: D:4-7


Innate Abilities, Weirdness & Mutations

You have an increased reservoir of magic. (+10% MP)
You have claws for feet.


Message History

You kill the orc!
The orc throws a tomahawk.
The tomahawk closely misses you.
An orc comes into view. It is wielding a short sword.
The orc hits you with a club.
* * * LOW HITPOINT WARNING * * *
Items here: % )))) [[[ ††† You are feeling hungry.
You barely miss the orc.
An orc comes into view. It is wielding a flail.
The orc misses you.
The orc shouts!
You hit the orc.
The orc is heavily wounded.
You hit the orc.
You kill the orc!
Your transformation is almost over.
You hit the orc.
The orc is moderately wounded.
The orc hits you with a flail!
You die...

......##...........#
......##...........# .#
.......#..........# ...
..................# #.#
......#...........# #o#
......#.#.######### #.# #
......#.#.# #.#.#
#.#####.#.###########.#.###..
#.............(.@oo.)).......
#####.###.###########.#.###..
#>.............$.........
#####.#...........#######
#.#......h....#
.......Z......#
.........#####... ..........#
##### ...........#


You could see 2 orcs.

Vanquished Creatures
  Duvessa (D:4)
  The ghost of Avalon the Magician, an amateur DEWz (D:3)
  Dowan (D:4)
  A howler monkey (D:4)
  A hound (D:4)
  2 orc wizards
  A hound skeleton (D:4)
  A gnoll (D:1)
  An adder (D:3)
  5 dart slugs
  2 leopard geckos
  10 orcs
  7 bats
  4 giant cockroaches
  9 goblins
  5 hobgoblins
  5 jackals
  A quokka (D:4)
  2 ball pythons
  10 kobolds
  5 rats
75 creatures vanquished.

Notes
Turn   | Place    | Note
-------+----------+-------------------------------------------
     0 | D:1      | xccam the Demigod Transmuter began the quest for the Orb.
     0 | D:1      | Reached XP level 1. HP: 15/15 MP: 5/5
   105 | D:1      | Reached skill level 3 in Unarmed Combat
   334 | D:1      | Reached XP level 2. HP: 12/22 MP: 7/7
  1172 | D:2      | Reached XP level 3. HP: 22/27 MP: 8/8
  1188 | D:2      | Found an opulent altar of Gozag.
  1232 | D:2      | Reached skill level 4 in Unarmed Combat
  1523 | D:2      | Found a blossoming altar of Fedhas.
  1530 | D:2      | Found a basalt altar of Yredelemnul.
  1530 | D:2      | Found an ancient bone altar of Kikubaaqudgha.
  1890 | D:2      | Found a hazy altar of Hepliaklqana.
  2199 | D:3      | Noticed Avalon's ghost (amateur DEWz)
  2219 | D:3      | Killed Avalon's ghost
  2219 | D:3      | Reached skill level 5 in Unarmed Combat
  2219 | D:3      | Reached XP level 4. HP: 7/34 MP: 9/9
  2475 | D:3      | Found a shadowy altar of Dithmenos.
  2475 | D:3      | Found a snail-covered altar of Cheibriados.
  2534 | D:3      | Reached XP level 5. HP: 19/39 MP: 10/10
  3117 | D:3      | Found a blossoming altar of Fedhas.
  3164 | D:3      | Learned a level 2 spell: Sticks to Snakes
  3238 | D:4      | Noticed Duvessa
  3242 | D:4      | Reached skill level 6 in Unarmed Combat
  3256 | D:4      | Noticed Dowan
  3270 | D:4      | Killed Duvessa
  3270 | D:4      | Reached skill level 1 in Fighting
  3270 | D:4      | Reached XP level 6. HP: 22/48 MP: 11/11
  3281 | D:4      | Killed Dowan
  3316 | D:4      | Slain by an orc

Vault maps used:
D:1:      scummos_arrival_checkerplants
D:2:      gammafunk_temple_overflow_forgotten, marbit_many_paths,
          grunt_gozag_statues, serial_aquarium, aquarium_bridge_straight,
          aquarium_window_1, aquarium_window_2, aquarium_view_2e,
          aquarium_view_2e, first_ration, minmay_unequal
D:3:      gammafunk_temple_overflow_pools, hex_medium,
          kennysheep_decorative_pillar, minmay_statues_item, fedhas_altar_4
D:4:      chequers_temple_overflow_statue_of_worship, uniq_duvessa

Skill      XL: |  1  2  3  4  5  6 |
---------------+-------------------+-----
Unarmed Combat | 3 5 6 |  6.6
Fighting       | 1 2 |  2.6
Dodging        | |  1.7
Spellcasting   | |  1.7
Transmutations | |  1.7

Action                   |  1- 3 |  4- 6 || total
-------------------------+-------+-------++-------
Melee: Unarmed           |   148 |   147 ||   295
       Kick              |     2 |     3 ||     5
       Punch             |     1 |     3 ||     4
       Headbutt          |       |     6 ||     6
 Cast: Beastly Appendage |     2 |     2 ||     4
  Use: Potion            |     1 |     1 ||     2
 Stab: Sleeping          |     2 |       ||     2
  Eat: Chunk             |     3 |     1 ||     4
       Ration            |       |     1 ||     1
Armor: Robe              |     5 |       ||     5
       Leather armour    |    29 |    18 ||    47
       Skin              |       |    13 ||    13
Dodge: Dodged            |    97 |   106 ||   203

Table legend:
 A = Spawn XP
 B = Non-spawn XP
 C = Spawn XP percentage of total XP
 D = Spawn monster count
 E = Non-spawn monster count
 F = Spawn count percentage of total count
 G = Total turns spent on level
                    A         B        C        D         E        F      G
               +---------+---------+-------+---------+---------+-------+---------
         Total |       0 |     689 |   0.0 |       0 |      75 |   0.0 |  3316
               +---------+---------+-------+---------+---------+-------+---------
           D:1 |       0 |      46 |   0.0 |       0 |      15 |   0.0 |  1159
           D:2 |       0 |      32 |   0.0 |       0 |      18 |   0.0 |  1007
           D:3 |       0 |     209 |   0.0 |       0 |      31 |   0.0 |   999
           D:4 |       0 |     402 |   0.0 |       0 |      11 |   0.0 |   151
               +---------+---------+-------+---------+---------+-------+---------
